 Dungeon Crawl Stone Soup version 0.30.0-15-g856e2d3f33 (webtiles) character file.

Game seed: 16755078385343647618

192960 NoOffense the Sage (level 18, -6/143 HPs)
             Began as a Gnoll Venom Mage on May 16, 2023.
             Was a High Priest of Sif Muna.
             Mangled by a +0 vampiric long sword (16 damage)
             ... animated by Zenata
             ... on level 2 of the Elven Halls on May 19, 2023.
             The game lasted 06:59:59 (40425 turns).

NoOffense the Sage (Gnoll Venom Mage)              Turns: 40425, Time: 06:59:59

Health: -6/143     AC: 20    Str:  9    XL:     18   Next: 70%
Magic:  22/44      EV: 16    Int: 21    God:    Sif Muna [*****.]
Gold:   2502       SH: 12    Dex: 13    Spells: 4/44 levels left

rFire   x . .        G - +2 trident (protect)
rCold   + + .        W - +0 kite shield {AC+3}
rNeg    . . .        Z - +1 leather armour of Daobaf {+Inv rElec rPois rC+}
rPois   +            (no helmet)
rElec   +            B - +2 cloak {rPois}
rCorr   .            a - +3 pair of gloves "Xain" {rC+ Will++}
SInv    .            g - +2 pair of boots
Will    +++..        X - amulet of magic regeneration
Stlth   +++++        o - ring of flight
HPRegen 0.43/turn    Q - ring of magical power
MPRegen 0.69/turn

%: no passive effects
@: lethally poisoned (-6 -> -7), flying, very slightly contaminated
A: fangs 1, strong nose, distributed training, heat vulnerability 1
a: Renounce Religion, Evoke Invisibility, Channel Magic, Forget Spell, Divine
Exegesis


You were on level 2 of the Elven Halls.
You worshipped Sif Muna.
Sif Muna was extremely pleased with you.
You visited 7 branches of the dungeon, and saw 31 of its levels.
You also visited: Ice Cave.

You collected 3435 gold pieces.
You spent 933 gold pieces at shops.

Inventory:

Hand Weapons
 G - a +2 trident of protection (weapon)
Missiles
 d - 2 throwing nets
 m - 23 boomerangs
 s - 73 poisoned darts
 t - 12 javelins
 F - 11 curare-tipped darts
Armour
 a - the +3 pair of gloves "Xain" (worn) {rC+ Will++}
   (You found it on level 12 of the Dungeon)

   rC:        It protects you from cold.
   Will:      It greatly increases your willpower.
 g - a +2 pair of boots (worn)
 A - a +0 robe of resistance
 B - a +2 cloak of poison resistance (worn)
 W - a +0 kite shield of protection (worn)
 Z - the +1 leather armour of Daobaf (worn) {+Inv rElec rPois rC+}
   (You found it on level 5 of the Lair of Beasts)

   rC:        It protects you from cold.
   rElec:     It insulates you from electricity.
   rPois:     It protects you from poison.
   +Inv:      It lets you turn invisible.
Magical Staves
 y - a staff of conjuration
Jewellery
 i - a ring of resist corrosion
 j - a +5 ring of evasion
 o - a ring of flight (left hand)
 K - the amulet of the Komtur {rF+ Regen+ Int+3}
   (You found it on level 5 of the Lair of Beasts)

   [amulet of regeneration]

   Int:       It affects your intelligence (+3).
   rF:        It protects you from fire.
   Regen:     It increases your rate of health regeneration.
 Q - a ring of magical power (right hand)
 T - a ring of positive energy
 X - an amulet of magic regeneration (around neck)
 Y - a ring of see invisible
Wands
 e - a wand of mindburst (27)
 v - a wand of iceblast (46)
 x - a wand of flame (43)
 L - a wand of quicksilver (24)
 O - a wand of charming (11)
 R - a wand of polymorph (8)
 U - a wand of digging (8)
Scrolls
 c - 6 scrolls of immolation
 l - a scroll of identify
 p - 4 scrolls of fog
 r - 6 scrolls of fear
 u - 9 scrolls of teleportation
 w - 3 scrolls of poison
 C - 2 scrolls of blinking
 D - 2 scrolls of magic mapping
 E - a scroll of amnesia
 H - 2 scrolls of summoning
 S - 3 scrolls of silence
Potions
 b - 3 potions of magic
 f - 6 potions of heal wounds
 h - 13 potions of curing
 n - a potion of invisibility
 q - 8 potions of lignification
 z - 5 potions of might
 I - 2 potions of attraction
 J - 2 potions of haste
 M - 2 potions of brilliance
 N - 4 potions of cancellation
 P - 3 potions of berserk rage {unknown}
 V - 3 potions of ambrosia
Miscellaneous
 k - a lightning rod (4/4)


   Skills:
 + Level 13.0 Fighting
 + Level 13.0 Short Blades
 + Level 13.0 Long Blades
 + Level 13.0 Axes
 + Level 13.0 Maces & Flails
 + Level 13.0 Polearms
 + Level 13.0 Staves
 + Level 13.0 Ranged Weapons
 + Level 13.0 Throwing
 + Level 13.0 Armour
 + Level 13.7 Dodging
 + Level 13.6 Stealth
 + Level 13.0 Shields
 + Level 13.0 Unarmed Combat
 + Level 13.8 Spellcasting
 + Level 11.0 Conjurations
 + Level 11.0 Hexes
 + Level 11.0 Summonings
 + Level 11.0 Necromancy
 + Level 11.0 Translocations
 + Level 11.2 Transmutations
 + Level 11.0 Fire Magic
 + Level 11.0 Ice Magic
 + Level 11.0 Air Magic
 + Level 11.0 Earth Magic
 + Level 12.2 Poison Magic
 + Level 14.1 Invocations
 + Level 13.0 Evocations


You had 4 spell levels left.
You knew the following spells:

 Your Spells              Type           Power      Damage    Failure   Level
a - Sting                 Tmut/Pois      100%       1d8       1%          1
b - Poisonous Vapours     Pois/Air       100%       N/A       1%          2
c - Mephitic Cloud        Conj/Pois/Air  58%        N/A       1%          3
d - Olgreb's Toxic Radia  Pois           60%        N/A       1%          4
e - Stone Arrow           Conj/Erth      100%       3d13      1%          3
f - Passage of Golubria   Tloc           57%        N/A       1%          4
g - Passwall              Tmut/Erth      47%        N/A       1%          2
h - Borgnjor's Vile Clut  Necr/Erth      28%        N/A       4%          5
i - Summon Forest         Summ/Tloc      28%        N/A       4%          5
j - Apportation           Tloc           100%       N/A       1%          1
k - Irradiate             Conj/Tmut      28%        3d21      4%          5
l - Freezing Cloud        Conj/Ice/Air   28%        6-21      4%          5

Your spell library contained the following spells:

 Spells                   Type           Power      Damage    Failure   Level
 Foxfire                  Conj/Fire      100%       2x1d9     1%          1
 Kiss of Death            Conj/Necr      100%       2d13      1%          1
 Magic Dart               Conj           100%       1d8       1%          1
 Sandblast                Erth           100%       2d20      1%          1
 Summon Small Mammal      Summ           100%       N/A       1%          1
 Call Imp                 Summ           100%       N/A       1%          2
 Cigotuvi's Dreadful Rot  Necr/Pois/Air  100%       N/A       1%          2
 Lesser Beckoning         Tloc           100%       N/A       1%          2
 Static Discharge         Conj/Air       100%       2-7/arc   1%          2
 Sublimation of Blood     Necr           57%        N/A       1%          2
 Call Canine Familiar     Summ           57%        N/A       1%          3
 Dazzling Flash           Conj/Hex       100%       N/A       1%          3
 Gell's Gravitas          Tloc           57%        N/A       1%          3
 Portal Projectile        Hex/Tloc       100%       N/A       1%          3
 Spider Form              Tmut/Pois      59%        N/A       1%          3
 Summon Guardian Golem    Hex/Summ       57%        N/A       1%          3
 Swiftness                Air            57%        N/A       1%          3
 Tukima's Dance           Hex            57%        N/A       1%          3
 Vampiric Draining        Necr           57%        2d10      1%          3
 Vhi's Electric Charge    Tloc/Air       100%       N/A       1%          3
 Volatile Blastmotes      Fire/Tloc      100%       2d18      1%          3
 Airstrike                Air            28%        2d(5-21)  1%          4
 Anguish                  Hex/Necr       28%        N/A       1%          4
 Animate Armour           Summ/Erth      100%       N/A       1%          4
 Dispel Undead            Necr           57%        3d20      1%          4
 Manifold Assault         Tloc           57%        N/A       1%          4
 Petrify                  Tmut/Erth      57%        N/A       1%          4
 Alistair's Intoxication  Tmut/Pois      39%        N/A       3%          5
 Arcjolt                  Conj/Air       28%        1d38      4%          5
 Blade Hands              Tmut           29%        N/A       4%          5
 Fireball                 Conj/Fire      28%        3d12      4%          5
 Iskenderun's Battlesphe  Conj           57%        2d11      4%          5
 Silence                  Hex/Air        28%        N/A       4%          5
 Yara's Violent Unravell  Hex/Tmut       28%        3d12      4%          5
 Conjure Ball Lightning   Conj/Air       28%        3x3d8     24%         6
 Death Channel            Necr           28%        N/A       24%         6
 Dispersal                Tloc           28%        N/A       24%         6
 Plasma Beam              Fire/Air       28%        2x1d45    24%         6
 Starburst                Conj/Fire      28%        6d9       24%         6
 Summon Cactus Giant      Summ           28%        N/A       24%         6
 Storm Form               Tmut/Air       28%        N/A       77%         7
 Haunt                    Necr/Summ      28%        N/A       78%         7
 Malign Gateway           Summ/Tloc      28%        N/A       78%         7
 Monstrous Menagerie      Summ           28%        N/A       78%         7
 Orb of Destruction       Conj           28%        9d9       78%         7
 Borgnjor's Revivificati  Necr           28%        N/A       100%        8
 Disjunction              Tloc           28%        N/A       100%        8
 Infestation              Necr           28%        N/A       100%        8
 Lehudib's Crystal Spear  Conj/Erth      28%        10d8      100%        8
 Maxwell's Capacitive Co  Air            28%        ∞         100%        8
 Necromutation            Tmut/Necr      28%        N/A       100%        8
 Summon Horrible Things   Summ           28%        N/A       100%        8


Dungeon Overview and Level Annotations

Branches:
Dungeon (15/15)            Temple (1/1) D:5            Lair (5/5) D:8
  Swamp (3/4) Lair:2        Snake (3/4) Lair:2        Slime (0/5) Lair:5
    Orc (2/2) D:11            Elf (2/3) Orc:2         IceCv (visited)
 Vaults: D:13-14     Depths: D:15

Altars:
Ashenzari
Cheibriados
Dithmenos
Elyvilon
Fedhas
Gozag
Hepliaklqana
Kikubaaqudgha
Makhleb
Nemelex Xobeh
Okawaru
Qazlal
Ru
Sif Muna
Trog
Uskayaw
Vehumet
Wu Jian
Xom
Yredelemnul
Zin
The Shining One
Jiyva

Shops:
D:4 *   D:6 *   D:7 (   D:8 **   D:9 [*[*   D:10 *   D:13 !   Orc:2 *[(*:
Snake:2 (:   Snake:3 ?

Portals:
Trove: D:10 (give +7 demon whip)

Annotations:
D:7 1 runed translucent door, Crazy Yiuf
D:11 2 transporters, ripuliukko's ghost, journeyman DEEE
D:13 exclusions: cherub and 2 more exclusions
D:15 Roxanne
Elf:1 3 runed translucent doors, exclusion: 3 doors, Fuonemn's ghost, veteran DDBe
Elf:2 Zenata


Innate Abilities, Weirdness & Mutations

You have very sharp teeth.
Your uncanny sense of smell can sniff out nearby items.
Your experience applies equally to all skills.
You are vulnerable to heat. (rF-)


Message History

The zombie hands constrict the +2 glaive of venom!
The zombie hands constrict the +2 flail of draining.
You feel sick.
The +2 flail of draining struggles to escape constriction.
The +2 glaive of venom struggles to escape constriction.
The +2 flail of draining escapes!
The +2 glaive of venom escapes!
You feel sick.
Casting: Borgnjor's Vile Clutch (dangerous; 4% risk of failure)
Confirm with . or Enter, or press ? or * to list all spells.
Aiming: Borgnjor's Vile Clutch (dangerous; 4% risk of failure)
Press: ? - help, Shift-Dir - straight line, f/p - +2 glaive of venom
Aim: a +2 glaive of venom (severely damaged, summoned, fast, 100% to hit)
Zombie hands grab the +0 vampiric long sword.
Zombie hands grab the +2 glaive of venom.
The zombie hands constrict the +2 glaive of venom!
The zombie hands constrict the +0 vampiric long sword.
You feel sick. The +0 vampiric long sword hits you.
* * * LOW HITPOINT WARNING * * *
The +0 vampiric long sword draws strength from your wounds!
The +0 vampiric long sword hits you.
* * * LOW HITPOINT WARNING * * *
The zombie hands constrict the +2 glaive of venom!
You destroy the +2 glaive of venom!
The +2 glaive of venom disappears in a puff of smoke!
The zombie hands constrict the +0 vampiric long sword.
You feel sick.
The +0 vampiric long sword struggles to escape constriction. x2
The +0 vampiric long sword escapes!
Casting: Borgnjor's Vile Clutch (dangerous; 4% risk of failure)
Confirm with . or Enter, or press ? or * to list all spells.
Aiming: Borgnjor's Vile Clutch (dangerous; 4% risk of failure)
Press: ? - help, Shift-Dir - straight line, f - Zenata
Aim: Zenata, wielding a +4 bardiche and wearing a +0 leather armour (lightly wounded, 100% to hit)
You miscast Borgnjor's Vile Clutch.
You are very lightly contaminated with residual magic.
Nothing appears to happen.
You feel sick.
You block the +0 vampiric long sword's attack.
Zenata gestures, and weapons take to the air!
The +0 vampiric long sword hits you!
You die...

####...#...##### ########.####
##.(...#....# #.....)......
##########)#.####.# #.###.#.###.#
.>..)..# #°#(# #.# #.# #.#.# #..
######.# #(#.# ##.###.###.#.###.#
#.# #)#.# #..).............#
#.###a#.###..###.###..)...##
#)##((.(.(().)....##.#...###
######.###...##(@####..##........
..).....#######)#<###........####
.#####[.# ##.###)###.#####.# .#
###..# #)## ##.##.# ##+## .#
#....# ##.###.###.# ##..)## .#
#.##.# ##.#......###.....##
.###.##.# ##.#.######.......#
........#########.>.####.........
.......................'.........


You could see Zenata and 6 dancing weapons.

Vanquished Creatures
  Nikola (Snake:2)
  Frances (Swamp:1)
  Gastronok (Lair:2)
  Kirke (Swamp:1)
  A nagaraja (Snake:3)
  Aizul (Swamp:3)
  2 orc warlords (Orc:2)
  4 reapers (IceCv)
  3 eleionomae
  3 bunyips
  4 dire elephants (Lair:5)
  2 deep elf death magi (Elf:1)
  Snorg (D:10)
  Erolcha (D:10)
  A deep elf high priest (Elf:1)
  9 hydras
  4 caustic shrike simulacra (IceCv)
  5 anacondas
  2 catoblepae
  6 alligators
  14 dancing weapons
  4 ghost crabs
  2 death knights
  6 two-headed ogres
  3 boulder beetles
  A tengu warrior (D:13)
  3 death yaks (Lair:5)
  3 naga warriors
  3 naga sharpshooters (Snake:2)
  An orc high priest (Orc:2)
  A spriggan berserker (Swamp:3)
  Nergalle (D:12)
  2 skysharks
  14 deep elf knights
  2 salamander mystics (Snake:2)
  5 shock serpents
  A spectral catoblepas (Lair:2)
  2 skeletal warriors (D:15)
  A spectral death yak (Lair:5)
  3 goliath frogs
  Lodul (D:10)
  The ghost of ohados the Thaumaturge, a novice DEEE of Vehumet (D:8)
  A spriggan simulacrum (IceCv)
  3 spriggan druids
  A naga ritualist (Snake:3)
  3 obsidian statues
  12 deep elf archers
  A spectral anaconda (Lair:5)
  5 bog bodies
  7 orc knights
  4 wizards (D:15)
  2 phantasmal warriors (D:15)
  3 necromancers (Lair:5)
  6 mana vipers
  9 ugly things (D:14)
  22 deep elf zephyrmancers
  17 deep elf pyromancers
  A wolf spider zombie (D:14)
  7 salamanders (Snake:2)
  2 will-o-the-wisps
  2 orc sorcerers (Orc:2)
  4 cyclopes
  4 manticores
  A manticore (shapeshifter) (D:15)
  11 elephants
  Joseph (D:7)
  19 black mambas
  A centaur zombie (D:14)
  A guardian serpent (Snake:3)
  7 naga magi
  10 cane toads
  3 gargoyles
  A dire elephant zombie (Lair:5)
  12 freezing wraiths
  3 unseen horrors
  2 kobold demonologists (D:9)
  A rime drake (Lair:2)
  An efreet (D:12)
  5 yaktaurs (D:15)
  An ice devil (IceCv)
  8 komodo dragons
  2 polar bears
  A bloated husk (Swamp:3)
  4 trolls
  4 golden dragon simulacra (IceCv)
  7 hornets
  A hornet (shapeshifter) (D:14)
  12 tyrant leeches
  Grinder (D:4)
  5 dream sheep (Lair:5)
  21 blink frogs
  An air elemental (Elf:1)
  5 spriggans
  2 shadows
  2 wraiths
  5 wyverns
  13 slime creatures
  6 water elementals
  A fire elemental (Elf:1)
  40 yaks
  A hog (Swamp:1)
  A steam dragon (D:7)
  8 vampire mosquitoes
  9 basilisks
  4 spectral cane toads
  3 wargs
  Edmund (D:3)
  8 swamp worms
  25 nagas
  2 hydra simulacra (IceCv)
  An acid dragon (D:11)
  15 water moccasins
  A spectral torpor snail (Lair:2)
  5 swamp drakes
  3 black bears
  An elephant zombie (Lair:5)
  37 orc warriors
  An ice beast (D:7)
  3 sky beasts
  15 ogres
  15 wolves
  3 centaurs
  2 phantoms
  Blork the orc (Orc:2)
  13 kobold brigands
  15 bullfrogs
  A cane toad simulacrum (Lair:5)
  A necrophage (Swamp:2)
  6 gnoll sergeants
  2 deep troll simulacra (IceCv)
  5 scorpions
  5 wights
  12 killer bees
  5 electric eels
  7 howler monkeys
  A jelly (Lair:5)
  A lava snake (D:7)
  3 hounds (D:5)
  13 orc priests
  3 iguanas
  2 sleepcaps
  Jessica (D:2)
  25 orc wizards
  10 gnolls
  3 river rats (D:5)
  7 adders
  3 shadow imps
  A white imp (D:8)
  An ufetubus (D:5)
  2 worms
  3 dart slugs
  94 orcs
  5 endoplasms
  3 giant cockroaches
  9 goblins
  6 hobgoblins
  13 jackals
  25 kobolds
  3 quokkas (D:1)
  8 ball pythons
  2 bats
  2 frilled lizards
  9 rats
  A butterfly (Lair:5)
960 creatures vanquished.

Vanquished Creatures (collateral kills)
  2 ghouls (Swamp:2)
  An eleionoma (Swamp:2)
  An anaconda (Snake:1)
  2 death yaks (Lair:5)
  A naga warrior (Snake:3)
  2 black mambas (Snake:3)
  2 guardian serpents (Snake:1)
  A naga mage (Snake:1)
  2 hogs (Swamp:1)
  6 nagas
  3 swamp worms
  A necrophage (Swamp:2)
24 creatures vanquished.

Vanquished Creatures (others)
  A bunyip (Swamp:2)
  A hydra (Swamp:2)
  A goliath frog (Swamp:3)
  A bloated husk (Swamp:3)
  A quokka (D:9)
  4 foxfires (Swamp:1)
  2 snaplasher vines
11 creatures vanquished.

Grand Total: 995 creatures vanquished

Notes
Turn   | Place    | Note
-------+----------+-------------------------------------------
     0 | D:1      | NoOffense the Gnoll Venom Mage began the quest for the Orb.
     0 | D:1      | Reached XP level 1. HP: 13/13 MP: 6/6
   213 | D:1      | Reached XP level 2. HP: 17/19 MP: 7/7
   556 | D:1      | Reached skill level 5 in Spellcasting
   556 | D:1      | Reached XP level 3. HP: 19/25 MP: 6/9
   637 | D:1      | Learned a level 2 spell: Poisonous Vapours
   641 | D:1      | Learned a level 3 spell: Mephitic Cloud
  1024 | D:2      | Reached skill level 1 in Invocations
  1181 | D:2      | Reached skill level 1 in Fighting
  1181 | D:2      | Reached skill level 1 in Short Blades
  1181 | D:2      | Reached skill level 1 in Long Blades
  1181 | D:2      | Reached skill level 1 in Axes
  1181 | D:2      | Reached skill level 1 in Maces & Flails
  1181 | D:2      | Reached skill level 1 in Polearms
  1181 | D:2      | Reached skill level 1 in Staves
  1181 | D:2      | Reached skill level 1 in Ranged Weapons
  1181 | D:2      | Reached skill level 1 in Throwing
  1181 | D:2      | Reached skill level 1 in Armour
  1181 | D:2      | Reached skill level 1 in Shields
  1181 | D:2      | Reached skill level 1 in Unarmed Combat
  1181 | D:2      | Reached skill level 1 in Evocations
  1330 | D:2      | Noticed Jessica
  1398 | D:2      | Reached XP level 4. HP: 27/32 MP: 8/11
  1407 | D:2      | Learned a level 4 spell: Olgreb's Toxic Radiance
  1546 | D:2      | Killed Jessica
  1547 | D:2      | Reached skill level 1 in Conjurations
  1547 | D:2      | Reached skill level 1 in Hexes
  1547 | D:2      | Reached skill level 1 in Summonings
  1547 | D:2      | Reached skill level 1 in Necromancy
  1547 | D:2      | Reached skill level 1 in Translocations
  1547 | D:2      | Reached skill level 1 in Fire Magic
  1547 | D:2      | Reached skill level 1 in Ice Magic
  1547 | D:2      | Reached skill level 1 in Air Magic
  1547 | D:2      | Reached skill level 1 in Earth Magic
  2034 | D:3      | Reached XP level 5. HP: 37/37 MP: 12/12
  2098 | D:3      | Found a broken altar of Ashenzari.
  2427 | D:4      | Noticed Edmund
  2427 | D:4      | Noticed Grinder
  2427 | D:4      | Found Uxusol's Overcharged Wands.
  2604 | D:5      | Entered Level 5 of the Dungeon
  2604 | D:5      | Noticed an ogre
  2626 | D:5      | Reached skill level 2 in Invocations
  2655 | D:5      | Killed an ogre
  2656 | D:5      | Reached skill level 5 in Dodging
  2656 | D:5      | Reached XP level 6. HP: 40/44 MP: 7/14
  2938 | D:5      | Found an opulent altar of Gozag.
  3114 | D:5      | Reached XP level 7. HP: 28/51 MP: 11/15
  3424 | D:5      | Found a sparkling altar of Nemelex Xobeh.
  3530 | D:5      | Reached skill level 5 in Stealth
  3536 | D:5      | Reached skill level 3 in Invocations
  3540 | D:5      | Found a staircase to the Ecumenical Temple.
  3963 | Temple   | Entered the Ecumenical Temple
  4169 | Temple   | Became a worshipper of Sif Muna the Loreminder
  4238 | D:6      | Reached XP level 8. HP: 48/58 MP: 8/16
  4311 | D:6      | Identified the +1 robe "Arupoq" {rPois}
  4357 | D:6      | Noticed a yak
  4394 | D:6      | Killed a yak
  4596 | D:6      | Reached skill level 4 in Invocations
  4706 | D:6      | Learned a level 3 spell: Stone Arrow
  5027 | D:6      | Found Must's Assorted Antiques.
  5034 | D:6      | Bought a scroll labelled SAUVUP DAFIN for 27 gold pieces
  5034 | D:6      | Bought a scroll labelled SEEDERU FOYDDO for 27 gold pieces
  5152 | D:6      | Reached XP level 9. HP: 21/65 MP: 13/18
  5406 | D:6      | Reached * piety under Sif Muna
  5528 | D:6      | Found a bloodstained altar of Trog.
  5997 | D:7      | Noticed Joseph
  6593 | D:7      | Reached skill level 5 in Invocations
  6661 | D:7      | Found Jockunno's Weapon Emporium.
  6929 | D:7      | Killed Joseph
  7214 | D:7      | Found a hide-covered altar of Uskayaw.
  7435 | D:7      | Found a runed translucent door.
  7436 | D:7      | Noticed Crazy Yiuf
  7638 | D:8      | Noticed a deep elf pyromancer
  7813 | D:8      | Reached skill level 5 in Fighting
  7813 | D:8      | Reached skill level 5 in Short Blades
  7813 | D:8      | Reached skill level 5 in Long Blades
  7813 | D:8      | Reached skill level 5 in Axes
  7813 | D:8      | Reached skill level 5 in Maces & Flails
  7813 | D:8      | Reached skill level 5 in Polearms
  7813 | D:8      | Reached skill level 5 in Staves
  7813 | D:8      | Reached skill level 5 in Ranged Weapons
  7813 | D:8      | Reached skill level 5 in Throwing
  7813 | D:8      | Reached skill level 5 in Armour
  7813 | D:8      | Reached skill level 5 in Shields
  7813 | D:8      | Reached skill level 5 in Unarmed Combat
  7813 | D:8      | Reached skill level 5 in Evocations
  7813 | D:8      | Reached XP level 10. HP: 51/74 MP: 13/20
  7939 | D:8      | Found a transporter.
  7941 | D:8      | Found a transporter.
  7944 | D:8      | Noticed ohados's ghost (novice DEEE)
  7968 | D:8      | Identified the +7 dire flail of Peril {venom, rF- rN+ Dex+2
                  | SInv}
  7968 | D:8      | Noticed a two-headed ogre
  8110 | D:8      | Learned a level 4 spell: Passage of Golubria
  8265 | D:8      | Found a staircase to the Lair.
  8316 | D:8      | Noticed an elephant
  8334 | D:8      | Killed an elephant
  8335 | D:8      | Reached skill level 5 in Transmutations
  8474 | D:8      | Reached skill level 6 in Invocations
  8595 | D:8      | Noticed a two-headed ogre
  8606 | D:8      | Killed a two-headed ogre
  8819 | D:8      | Reached ** piety under Sif Muna
  9219 | D:8      | Found Puth's Specific Store.
  9222 | D:8      | Found Kunkud's General Store.
  9226 | D:8      | Bought a scroll of identify for 30 gold pieces
  9283 | D:8      | Reached skill level 5 in Conjurations
  9283 | D:8      | Reached skill level 5 in Hexes
  9283 | D:8      | Reached skill level 5 in Summonings
  9283 | D:8      | Reached skill level 5 in Necromancy
  9283 | D:8      | Reached skill level 5 in Translocations
  9283 | D:8      | Reached skill level 5 in Fire Magic
  9283 | D:8      | Reached skill level 5 in Ice Magic
  9283 | D:8      | Reached skill level 5 in Air Magic
  9283 | D:8      | Reached skill level 5 in Earth Magic
  9526 | D:8      | Reached XP level 11. HP: 79/81 MP: 22/22
  9545 | D:8      | Killed a deep elf pyromancer
  9785 | D:4      | Paralysed by Grinder for 3 turns
  9793 | D:3      | Killed Edmund
  9848 | D:4      | Killed Grinder
  9874 | D:4      | Identified the +3 whip "Atedar" {venom, rCorr}
 10110 | D:9      | Found a snail-covered altar of Cheibriados.
 10163 | D:9      | Found a white marble altar of Elyvilon.
 10290 | D:9      | Learned a level 2 spell: Passwall
 10295 | D:9      | Found Omuopt's Antique Armour Shop.
 10362 | D:9      | Reached skill level 7 in Invocations
 10438 | D:9      | Found Detouca's General Store.
 10485 | D:9      | Found an ancient bone altar of Kikubaaqudgha.
 10617 | D:9      | Identified the +0 leather armour of Rymon {Int-2 Dex+5}
 10712 | D:9      | Found Nish's Armour Boutique.
 10714 | D:9      | Found Zuphim's Assorted Antiques.
 10734 | D:9      | Bought a yellow potion for 21 gold pieces
 10734 | D:9      | Bought a scroll labelled NUNOET AKHEI for 24 gold pieces
 10930 | D:9      | Upgraded the game from 0.30.0-10-gfe55d96785 to
                  | 0.30.0-12-gd5a94ecb5d
 10959 | D:10     | Entered Level 10 of the Dungeon
 10959 | D:10     | Noticed Erolcha
 10959 | D:10     | Found Ynwaic's Changing Room.
 11011 | D:10     | Reached *** piety under Sif Muna
 11371 | D:10     | Noticed Lodul
 11634 | D:10     | Noticed Snorg
 11803 | D:11     | Noticed a cyclops
 11807 | D:11     | Killed a cyclops
 11876 | D:11     | Noticed a two-headed ogre
 11881 | D:11     | Killed a two-headed ogre
 11964 | D:11     | Reached **** piety under Sif Muna
 12167 | D:11     | Found a staircase to the Orcish Mines.
 12175 | D:11     | Reached XP level 12. HP: 77/91 MP: 24/24
 12232 | D:11     | Reached skill level 8 in Invocations
 12240 | D:11     | Noticed a two-headed ogre
 12243 | D:11     | Noticed ripuliukko's ghost (journeyman DEEE)
 12249 | D:11     | Found a transporter.
 12257 | D:11     | Noticed a five-headed hydra
 12279 | D:11     | Found a transporter.
 12758 | Lair:1   | Entered Level 1 of the Lair of Beasts
 13894 | Lair:1   | Reached ***** piety under Sif Muna
 14627 | Lair:2   | Noticed Gastronok
 14672 | Lair:2   | Killed Gastronok
 14673 | Lair:2   | Reached XP level 13. HP: 98/98 MP: 19/26
 14816 | Lair:2   | Received a gift from Sif Muna
 14817 | Lair:2   | Reached skill level 9 in Invocations
 14817 | Lair:2   | Got Sif Muna's Discursus on Clouds and Diablerie {god gift}
 14824 | Lair:2   | Learned a level 5 spell: Borgnjor's Vile Clutch
 14902 | Lair:2   | Found a staircase to the Snake Pit.
 15198 | Lair:2   | Found a staircase to the Swamp.
 16132 | Lair:3   | Reached skill level 10 in Spellcasting
 16683 | Lair:4   | Reached skill level 10 in Dodging
 17267 | Lair:4   | Reached skill level 10 in Stealth
 17508 | Lair:4   | Found a glowing silver altar of Zin.
 17705 | Lair:4   | Reached XP level 14. HP: 57/108 MP: 23/28
 18397 | D:8      | Reached skill level 10 in Invocations
 18675 | D:8      | Killed ohados's ghost
 19074 | D:12     | You fall into a shaft and drop 1 floor!
 19262 | D:13     | Found a transporter.
 19264 | D:13     | Found Cuttaepe's Distillery.
 19266 | D:13     | Found a transporter.
 19473 | D:13     | Received a gift from Sif Muna
 19743 | D:12     | Identified the +3 pair of gloves "Xain" {rC+ Will++}
 20144 | D:12     | Noticed Nergalle
 20177 | D:12     | Killed Nergalle
 20483 | D:12     | Upgraded the game from 0.30.0-12-gd5a94ecb5d to
                  | 0.30.0-15-g856e2d3f33
 21160 | Orc:1    | Entered Level 1 of the Orcish Mines
 21684 | Orc:2    | Entered Level 2 of the Orcish Mines
 21693 | Orc:2    | Noticed Blork the orc
 21705 | Orc:2    | Killed Blork the orc
 21769 | Orc:2    | Received a gift from Sif Muna
 21782 | Orc:2    | Got Ganwuekhle's Parchment of the Horrible Throng {god
                  | gift}
 21789 | Orc:2    | Learned a level 5 spell: Summon Forest
 21851 | Orc:2    | Found Lealitia's Assorted Antiques.
 22156 | Orc:2    | Bought a golden potion for 28 gold pieces
 22305 | Orc:2    | Reached skill level 10 in Poison Magic
 22327 | Orc:2    | Noticed an orc warlord
 22348 | Orc:2    | Killed an orc warlord
 22367 | Orc:2    | Noticed an orc warlord
 22458 | Orc:2    | Killed an orc warlord
 22526 | Orc:2    | Reached skill level 10 in Fighting
 22526 | Orc:2    | Reached skill level 10 in Short Blades
 22526 | Orc:2    | Reached skill level 10 in Long Blades
 22526 | Orc:2    | Reached skill level 10 in Axes
 22526 | Orc:2    | Reached skill level 10 in Maces & Flails
 22526 | Orc:2    | Reached skill level 10 in Polearms
 22526 | Orc:2    | Reached skill level 10 in Staves
 22526 | Orc:2    | Reached skill level 10 in Ranged Weapons
 22526 | Orc:2    | Reached skill level 10 in Throwing
 22526 | Orc:2    | Reached skill level 10 in Armour
 22526 | Orc:2    | Reached skill level 10 in Shields
 22526 | Orc:2    | Reached skill level 10 in Unarmed Combat
 22526 | Orc:2    | Reached skill level 10 in Evocations
 22540 | Orc:2    | Gained mutation: You are vulnerable to heat. (rF-) [a
                  | neqoxec]
 22557 | Orc:2    | Found Semog's Antique Weapon Emporium.
 22613 | Orc:2    | Found Upsex's Antique Armour Emporium.
 22636 | Orc:2    | Found Watuuntu's General Store.
 22663 | Orc:2    | Found Isonypn's Book Emporium.
 22841 | Orc:2    | Found a staircase to the Elven Halls.
 23052 | D:9      | Bought a glowing cloak for 225 gold pieces
 23346 | Lair:5   | Entered Level 5 of the Lair of Beasts
 23346 | Lair:5   | Found a staircase to the Slime Pits.
 23346 | Lair:5   | Found a viscous altar of Jiyva.
 23522 | Lair:5   | Reached XP level 15. HP: 89/114 MP: 22/30
 23563 | Lair:5   | Reached skill level 11 in Invocations
 24714 | D:10     | Killed Snorg
 24786 | D:10     | Found a portal to a secret trove of treasure.
 24826 | D:10     | Killed Lodul
 24912 | D:10     | Killed Erolcha
 25063 | D:13     | Bought a potion of attraction for 39 gold pieces
 25235 | D:14     | Found an opulent altar of Gozag.
 25671 | D:14     | Found a basalt altar of Yredelemnul.
 26687 | D:15     | Entered Level 15 of the Dungeon
 26748 | D:15     | Received a gift from Sif Muna
 27052 | D:15     | Noticed Roxanne
 27209 | D:15     | Found a stormy altar of Qazlal.
 28480 | Lair:5   | Identified the amulet of the Komtur {rF+ Regen+ Int+3}
 28554 | Lair:5   | Reached XP level 16. HP: 113/124 MP: 29/32
 28647 | Lair:5   | Identified the +1 leather armour of Daobaf {+Inv rElec
                  | rPois rC+}
 28791 | Snake:1  | Entered Level 1 of the Snake Pit
 29104 | Snake:1  | Reached skill level 12 in Invocations
 30243 | Snake:1  | Received a gift from Sif Muna
 30246 | Snake:1  | Got Feunk's Meditations on the Tempest and Displacement
                  | {god gift}
 30249 | Snake:1  | Learned a level 1 spell: Apportation
 30377 | Snake:2  | Found a frozen archway.
 30403 | IceCv    | Entered an ice cave
 31098 | IceCv    | Reached skill level 10 in Transmutations
 31640 | Snake:2  | Noticed Nikola
 31654 | Snake:2  | Killed Nikola
 31984 | Snake:2  | Found Loucvefa's Book Shoppe.
 31984 | Snake:2  | Found Jassoluo's Weapon Emporium.
 32564 | Snake:3  | Reached XP level 17. HP: 133/133 MP: 33/33
 32685 | Snake:3  | Found Rinaus's Magic Scroll Emporium.
 33179 | Snake:3  | Reached skill level 10 in Conjurations
 33179 | Snake:3  | Reached skill level 10 in Hexes
 33179 | Snake:3  | Reached skill level 10 in Summonings
 33179 | Snake:3  | Reached skill level 10 in Necromancy
 33179 | Snake:3  | Reached skill level 10 in Translocations
 33179 | Snake:3  | Reached skill level 10 in Fire Magic
 33179 | Snake:3  | Reached skill level 10 in Ice Magic
 33179 | Snake:3  | Reached skill level 10 in Air Magic
 33179 | Snake:3  | Reached skill level 10 in Earth Magic
 33715 | Swamp:1  | Entered Level 1 of the Swamp
 33895 | Swamp:1  | Received a gift from Sif Muna
 33896 | Swamp:1  | Got Sif Muna's Compendium of Arenous Composition {god gift}
 33903 | Swamp:1  | Learned a level 5 spell: Irradiate
 33971 | Swamp:1  | Reached skill level 13 in Invocations
 34010 | Swamp:1  | You fall into a shaft and drop 1 floor!
 34548 | Swamp:1  | Noticed Frances
 34555 | Swamp:1  | Killed Frances
 34727 | Swamp:1  | Noticed Kirke
 34730 | Swamp:1  | Noticed a sphinx
 34736 | Swamp:1  | Killed Kirke
 35312 | Swamp:3  | Noticed Aizul
 35716 | Swamp:3  | Killed Aizul
 36997 | Orc:2    | Bought a fine scale mail for 288 gold pieces
 36997 | Orc:2    | Identified the +5 scale mail of Narcissism {+Inv} (You
                  | bought it in a shop on level 2 of the Orcish Mines)
 36997 | Orc:2    | Bought an ichor-stained leather armour for 224 gold pieces
 36997 | Orc:2    | Identified the +0 leather armour "Pasedo" {Str+2 Int+3
                  | Dex-5} (You bought it in a shop on level 2 of the Orcish
                  | Mines)
 37037 | Elf:1    | Entered Level 1 of the Elven Halls
 37077 | Elf:1    | Found a radiant altar of Vehumet.
 37241 | Elf:1    | Reached XP level 18. HP: 141/141 MP: 26/35
 37348 | Elf:1    | Paralysed by an air elemental for 1 turns
 37649 | Elf:1    | Learned a level 5 spell: Freezing Cloud
 38080 | Elf:1    | Found a runed translucent gate.
 38080 | Elf:1    | Found a runed translucent gate.
 38080 | Elf:1    | Found a runed translucent gate.
 38176 | Elf:1    | Noticed Fuonemn's ghost (veteran DDBe)
 38673 | Elf:1    | Received a gift from Sif Muna
 38675 | Elf:1    | Got Sif Muna's Collected Works on Translocated Outbursts
                  | {god gift}
 39293 | Elf:2    | Found a runed translucent gate.
 39295 | Elf:2    | Found a runed translucent gate.
 39296 | Elf:2    | Found a runed translucent gate.
 39587 | Elf:2    | Identified the +6 flail of the Feather {elec, Dex+4}
 39945 | Elf:2    | Reached skill level 14 in Invocations
 40340 | Elf:2    | Noticed Zenata
 40425 | Elf:2    | Mangled by a +0 vampiric long sword

Illustrated notes

Levels and vault maps discovered:
D:1:      matt_arrival_refuge, layout_basic
D:2:      layout_basic, minmay_3d_cube, uniq_jessica
D:3:      layout_rooms, ashenzari_conservatory_becter, corexii_corridor_pit
D:4:      layout_gridville, nicolae_shop_overcharged_wands, uniq_edmund,
          uniq_grinder
D:5:      layout_loops_ring, kennysheep_mini_moat, nemelex_spade_bored_becter,
          minmay_temple_entry_nine_rooms, portal_sewer_entry_e,
          kennysheep_flooded_box, kennysheep_generic_room_14
D:6:      layout_layer_cave, lemuel_doored_altar, serial_shops,
          nicolae_shop_tiny_waterfront, minmay_misc_feat_hallway,
          kennysheep_pointless_box, minivault_1, minmay_chambers_of_fives
D:7:      layout_loops_ring, nicolae_uskayaw_suspiria, serial_shops,
          nicolae_shop_pleasant_corner_grove, uniq_crazy_yiuf_cottage,
          uniq_joseph
D:8:      minmay_slanted_spiral_squares, layout_layer_cave, david_lair_generic,
          gammafunk_ghost_smash, nrook_pool_corridor,
          hangedman_decor_clover_reticule, st_stairs_5, nicolae_specific_store
D:9:      layout_rooms, mainiacjoe_overflow_tiny_flanked, kennysheep_little_box,
          elyvilon_altar_4, serial_shops, shop, nicolae_shop_advertising_works
          [nicolae_subvault_shop_adworks], shop, shop
D:10:     layout_small_grid, enter_trove_6, nicolae_transmutations_shop,
          chequers_serial_rivers_room_b, uniq_erolcha, uniq_lodul, uniq_snorg
D:11:     layout_cave_pools, kennysheep_orc_monster_closet_entryway,
          nzn_ghost_randoct, minmay_liquid_box, nicolae_two_hexagons
D:12:     layout_roguey, grunt_ministairs_10, uniq_nergalle
D:13:     layout_small_grid, serial_shops, nicolae_shop_drivethru, pf_eden
D:14:     layout_basic, lightli_vaults_fourway_checkpoint,
          nicolae_gozag_seed_capital, serial_aquarium, aquarium_bridge_straight
          [aquarium_subvault_bridge, aquarium_subvault_window,
          aquarium_subvault_bridge, aquarium_subvault_balcony],
          aquarium_window_corridor_1, aquarium_window_2, aquarium_view_2d,
          aquarium_balcony_double_4, aquarium_pool_five,
          lemuel_zombie_altar_yredelemnul
D:15:     grunt_enter_depths_magical_seal, layout_rooms,
          nicolae_qazlal_eye_of_the_storm, uniq_roxanne
Temple:   dpeg_chambers_temple
Lair:1:   layout_roguey, serial_rivers, chequers_serial_rivers_small_b,
          chequers_serial_rivers_room_a, chequers_serial_rivers_micro_d,
          chequers_serial_rivers_small_a, st_stairs_10,
          small_statue_intersection
Lair:2:   layout_regular_city, nicolae_swamp_entry_spooky,
          guppyfry_snake_entry_island, chequers_serial_rivers_marsh,
          chequers_serial_rivers_large_b, uniq_gastronok
Lair:3:   layout_cave_pods, chequers_serial_rivers_room_b
Lair:4:   layout_loops_ring, basic_altar, nicolae_quartered_pool_super,
          serial_bayou_ford_a, grunt_megastairs_4
Lair:5:   due_jungle_book, layout_regular_city, minmay_slime_entry_pillars,
          lemuel_fruit_fields, lemuel_fruit_tree
Swamp:1:  layout_basic_swamp, hangedman_swamp_ruin_wall,
          infiniplex_staircase_pool, uniq_frances, uniq_kirke
Swamp:2:  layout_falls_marsh, evilmike_swamp_ruin_house_2, swamp_pool5
Swamp:3:  cheibrodos_swamp_heart_of_darkness, layout_falls_marsh,
          hangedman_swamp_lotus, swamp_pool3, uniq_aizul
Snake:1:  layout_layer_cave
Snake:2:  layout_misc_corridors, portal_ice_cave_entry_frozen_things,
          minmay_shoptagon, uniq_nikola
Snake:3:  layout_gridlike, serial_shops, shop
Orc:1:    layout_caves, basic_altar, minmay_orc_barracks
Orc:2:    grunt_orc_cross, layout_caves, serial_shops, shop
Elf:1:    layout_onion_city, ebering_ghost_rock_garden, basic_altar,
          kennysheep_underground_church
Elf:2:    elven_hall_of_blades_hangedman_original
          [infiniplex_blade_entry_pillars], layout_loops_corners, uniq_azrael,
          uniq_zenata

Skill      XL: |  1  2  3  4  5  6  7  8  9 10 11 12 13 14 15 16 17 18 |
---------------+-------------------------------------------------------+-----
Transmutations | 2 3 4 5 6 7 8 9 10 11 | 11.2
Spellcasting   | 5 6 7 8 9 10 11 12 13 | 13.8
Invocations    | 1 2 3 4 5 6 7 8 9 10 11 12 13 14 | 14.1
Fighting       | 1 2 3 5 6 7 8 9 10 11 12 13 | 13.0
Short Blades   | 1 2 3 5 6 7 8 9 10 11 12 13 | 13.0
Long Blades    | 1 2 3 5 6 7 8 9 10 11 12 13 | 13.0
Axes           | 1 2 3 5 6 7 8 9 10 11 12 13 | 13.0
Maces & Flails | 1 2 3 5 6 7 8 9 10 11 12 13 | 13.0
Polearms       | 1 2 3 5 6 7 8 9 10 11 12 13 | 13.0
Staves         | 1 2 3 5 6 7 8 9 10 11 12 13 | 13.0
Ranged Weapons | 1 2 3 5 6 7 8 9 10 11 12 13 | 13.0
Throwing       | 1 2 3 5 6 7 8 9 10 11 12 13 | 13.0
Armour         | 1 2 3 5 6 7 8 9 10 11 12 13 | 13.0
Shields        | 1 2 3 5 6 7 8 9 10 11 12 13 | 13.0
Unarmed Combat | 1 2 3 5 6 7 8 9 10 11 12 13 | 13.0
Evocations     | 1 2 3 5 6 7 8 9 10 11 12 13 | 13.0
Conjurations   | 1 2 3 4 5 6 7 8 9 10 11 | 11.0
Hexes          | 1 2 3 4 5 6 7 8 9 10 11 | 11.0
Summonings     | 1 2 3 4 5 6 7 8 9 10 11 | 11.0
Necromancy     | 1 2 3 4 5 6 7 8 9 10 11 | 11.0
Translocations | 1 2 3 4 5 6 7 8 9 10 11 | 11.0
Fire Magic     | 1 2 3 4 5 6 7 8 9 10 11 | 11.0
Ice Magic      | 1 2 3 4 5 6 7 8 9 10 11 | 11.0
Air Magic      | 1 2 3 4 5 6 7 8 9 10 11 | 11.0
Earth Magic    | 1 2 3 4 5 6 7 8 9 10 11 | 11.0
Dodging        | 5 6 7 8 9 10 11 12 13 | 13.7
Stealth        | 5 6 7 8 9 10 11 12 13 | 13.6
Poison Magic   | 6 7 8 9 10 11 12 | 12.2

Action                     |  1- 3 |  4- 6 |  7- 9 | 10-12 | 13-15 | 16-18 || total
---------------------------+-------+-------+-------+-------+-------+-------++-------
  Melee: Unarmed           |    17 |       |    12 |    25 |    11 |       ||    65
         Bite              |    16 |    13 |    54 |    53 |    79 |    32 ||   247
         Dagger            |    53 |    93 |   307 |       |       |       ||   453
         Short sword       |    91 |    49 |       |       |       |       ||   140
         Punch             |     1 |     5 |    16 |     3 |       |       ||    25
         Staff             |       |       |    30 |       |       |       ||    30
         Trident           |       |       |    63 |   242 |   568 |   239 ||  1112
         Dire flail        |       |       |       |   210 |       |       ||   210
   Fire: Sling             |       |       |       |     2 |     2 |       ||     4
  Throw: Boomerang         |       |       |       |     1 |     1 |     2 ||     4
         Dart              |       |       |       |       |     2 |       ||     2
   Cast: Sting             |    17 |    14 |    70 |    41 |     6 |       ||   148
         Poisonous Vapours |       |     8 |     9 |    30 |   158 |    56 ||   261
         Mephitic Cloud    |       |     5 |     2 |       |     5 |       ||    12
         Olgreb's Toxic Ra |       |     1 |     5 |    45 |    67 |    19 ||   137
         Stone Arrow       |       |       |    18 |   101 |   449 |   281 ||   849
         Borgnjor's Vile C |       |       |       |       |    81 |   346 ||   427
         Passage of Golubr |       |       |       |       |     1 |       ||     1
         Summon Forest     |       |       |       |       |     1 |    13 ||    14
         Apportation       |       |       |       |       |       |     4 ||     4
         Irradiate         |       |       |       |       |       |     1 ||     1
         Freezing Cloud    |       |       |       |       |       |     4 ||     4
  Evoke: Wand              |       |       |     7 |       |       |       ||     7
    Use: Scroll            |       |       |       |    11 |     7 |     9 ||    27
         Potion            |       |       |       |       |       |     1 ||     1
   Stab: Sleeping          |     8 |     2 |     8 |     3 |     2 |     2 ||    25
         Confused          |       |     2 |       |       |     2 |       ||     4
         Distracted        |       |       |       |       |       |     3 ||     3
 Armour: Robe              |    26 |    32 |    93 |   102 |   177 |     9 ||   439
         Leather armour    |       |       |       |       |       |   123 ||   123
  Dodge: Dodged            |   128 |   126 |   344 |   437 |   359 |   266 ||  1660
  Block: Kite shield       |       |       |       |    94 |   328 |   215 ||   637
